TOP OF THE 1ST |
San Francisco Giants batting - Pitching for Colorado Rockies : RHP Jim Bruley
|
Pitching: RHP Jim Bruley
|
|
Batting: SHB Ryan Doss
|
0-0: Ball 1-0: Called Strike 1-1: Foul Ball, location: 2F 1-2: Ball 2-2: Strikes out swinging
|
Batting: RHB Nick Rigden
|
0-0: Called Strike 0-1: Fly out, F8 (Flyball, 78D, EV 89.4 MPH)
|
Batting: LHB John Blair
|
0-0: Ball 1-0: SOLO HOME RUN (Flyball, 9D, EV 96.2 MPH), Distance : 384 ft
|
Batting: RHB Nate Hodson
|
0-0: SINGLE (Groundball, 4MD, EV 103.8 MPH)
|
Batting: RHB Henri Cederberg
|
0-0: Ball 1-0: Foul Ball, location: 2F 1-1: Fly out, F8 (Flyball, 89M, EV 93.1 MPH)
|
Top of the 1st over - 1 run, 2 hits, 0 errors, 1 left on base; San Francisco 1 - Colorado 0 |
BOTTOM OF THE 1ST |
Colorado Rockies batting - Pitching for San Francisco Giants : RHP Keith Kidd
|
Pitching: RHP Keith Kidd
|
|
Batting: SHB Jon Munoz
|
0-0: Called Strike 0-1: Ball 1-1: Fly out, F7 (Flyball, 78D, EV 93.1 MPH)
|
Batting: RHB Chad Thompson
|
0-0: Called Strike 0-1: Ball 1-1: Called Strike 1-2: Ball 2-2: Strikes out looking
|
Batting: RHB Joel Haycock
|
0-0: Called Strike 0-1: Ball 1-1: Called Strike 1-2: Strikes out looking
|
Bottom of the 1st over - 0 runs, 0 hits, 0 errors, 0 left on base; San Francisco 1 - Colorado 0 |
TOP OF THE 2ND |
San Francisco Giants batting - Pitching for Colorado Rockies : RHP Jim Bruley
|
Batting: RHB Martin Chavez
|
0-0: Ball 1-0: Foul Ball, location: 2F 1-1: Foul Ball, location: 2F 1-2: Ball 2-2: Foul Ball, location: 2F 2-2: Strikes out swinging
|
Batting: LHB Ryan Braden
|
0-0: Fly out, F4 (Flyball, 3D, EV 86.2 MPH)
|
Batting: RHB Bobby Scholl
|
0-0: Ball 1-0: Ball 2-0: SINGLE (Groundball, 6MD, EV 95.6 MPH)
|
Batting: LHB Willie Ceniceros
|
0-0: Called Strike 0-1: Ball 1-1: Ball 2-1: Called Strike 2-2: Foul Ball, location: 2F 2-2: Fly out, F8 (Flyball, 8LXD, EV 70.6 MPH)
|
Top of the 2nd over - 0 runs, 1 hit, 0 errors, 1 left on base; San Francisco 1 - Colorado 0 |
BOTTOM OF THE 2ND |
Colorado Rockies batting - Pitching for San Francisco Giants : RHP Keith Kidd
|
Batting: SHB Chris Blue
|
0-0: Foul Ball, location: 2F 0-1: Foul Ball, location: 2F 0-2: Ball 1-2: Ball 2-2: Foul Ball, location: 2F 2-2: Strikes out swinging
|
Batting: RHB Wen-hua Lei
|
0-0: Foul Ball, location: 2F 0-1: Swinging Strike 0-2: Ball 1-2: Foul Ball, location: 2F 1-2: SOLO HOME RUN (Flyball, 7LD, EV 96.2 MPH), Distance : 356 ft
|
Batting: LHB Fabiano Perrolas
|
0-0: Ball 1-0: Fly out, F5 (Popup, 6S, EV 63.8 MPH)
|
Batting: RHB Jason Andrews
|
0-0: Foul Ball, location: 2F 0-1: Ball 1-1: Ball 2-1: Ball 3-1: Base on Balls
|
Batting: RHB Kian-tat Chen
|
0-0: Foul Ball, location: 2F 0-1: Swinging Strike 0-2: Foul Ball, location: 2F 0-2: Strikes out swinging
|
Bottom of the 2nd over - 1 run, 1 hit, 0 errors, 1 left on base; San Francisco 1 - Colorado 1 |
TOP OF THE 3RD |
San Francisco Giants batting - Pitching for Colorado Rockies : RHP Jim Bruley
|
Batting: SHB Ryan Doss
|
0-0: Called Strike 0-1: Ball 1-1: Ground out 6-3 (Groundball, 4M, EV 85.6 MPH)
|
Batting: RHB Nick Rigden
|
0-0: Called Strike 0-1: Ball 1-1: Ball 2-1: Foul Ball, location: 2F 2-2: Foul Ball, location: 2F 2-2: Strikes out swinging
|
Batting: LHB John Blair
|
0-0: Called Strike 0-1: Ball 1-1: Ball 2-1: Foul Ball, location: 2F 2-2: Strikes out swinging
|
Top of the 3rd over - 0 runs, 0 hits, 0 errors, 0 left on base; San Francisco 1 - Colorado 1 |
BOTTOM OF THE 3RD |
Colorado Rockies batting - Pitching for San Francisco Giants : RHP Keith Kidd
|
Batting: RHB Devine Adams
|
0-0: Called Strike 0-1: Foul Ball, location: 2F 0-2: Ground out 6-3 (Groundball, 6, EV 106.2 MPH)
|
Batting: SHB Jon Munoz
|
0-0: Ball 1-0: Ball 2-0: Ball 3-0: Base on Balls
|
Batting: RHB Chad Thompson
|
0-0: Ball 1-0: Foul Ball, location: 2F 1-1: DOUBLE (Groundball, 5L, EV 95.0 MPH) Jon Munoz to third
|
Batting: RHB Joel Haycock
|
0-0: Swinging Strike 0-1: Foul Ball, location: 2F 0-2: Ball 1-2: Strikes out swinging
|
Batting: SHB Chris Blue
|
0-0: Swinging Strike 0-1: Ball 1-1: Ball 2-1: Ball 3-1: Swinging Strike 3-2: Base on Balls
|
Batting: RHB Wen-hua Lei
|
0-0: Ball 1-0: Ball 2-0: Ball 3-0: Base on Balls Jon Munoz scores Chad Thompson to third Chris Blue to second
|
Batting: LHB Fabiano Perrolas
|
0-0: Called Strike 0-1: Called Strike 0-2: Ball 1-2: Strikes out swinging
|
Bottom of the 3rd over - 1 run, 1 hit, 0 errors, 3 left on base; San Francisco 1 - Colorado 2 |
TOP OF THE 4TH |
San Francisco Giants batting - Pitching for Colorado Rockies : RHP Jim Bruley
|
Batting: RHB Nate Hodson
|
0-0: Ball 1-0: Foul Ball, location: 2F 1-1: Ball 2-1: Ground out 6-3 (Groundball, 6, EV 108.1 MPH)
|
Batting: RHB Henri Cederberg
|
0-0: Swinging Strike 0-1: Foul Ball, location: 2F 0-2: Strikes out looking
|
Batting: RHB Martin Chavez
|
0-0: Ball 1-0: Ball 2-0: Called Strike 2-1: Foul Ball, location: 2F 2-2: Ball 3-2: Strikes out swinging
|
Top of the 4th over - 0 runs, 0 hits, 0 errors, 0 left on base; San Francisco 1 - Colorado 2 |
BOTTOM OF THE 4TH |
Colorado Rockies batting - Pitching for San Francisco Giants : RHP Keith Kidd
|
Batting: RHB Jason Andrews
|
0-0: Fly out, F3 (Popup, 3SF, EV 73.8 MPH)
|
Batting: RHB Kian-tat Chen
|
0-0: Called Strike 0-1: Ball 1-1: Ball 2-1: Ground out 1-3 (Groundball, 25, EV 70.6 MPH)
|
Batting: RHB Devine Adams
|
0-0: DOUBLE (Line Drive, 9LM, EV 111.2 MPH)
|
Batting: SHB Jon Munoz
|
0-0: Ball 1-0: Ball 2-0: Called Strike 2-1: SINGLE (Line Drive, 56D, EV 98.8 MPH) Devine Adams to third Runner from 3rd tries for Home, SAFE, throw by LF to home
|
Batting: RHB Chad Thompson
|
0-0: Ball 1-0: DOUBLE (Line Drive, 8RXD, EV 108.8 MPH) Jon Munoz to third
|
Batting: RHB Joel Haycock
|
0-0: Ball 1-0: Called Strike 1-1: Swinging Strike 1-2: Strikes out swinging
|
Bottom of the 4th over - 1 run, 3 hits, 0 errors, 2 left on base; San Francisco 1 - Colorado 3 |
TOP OF THE 5TH |
San Francisco Giants batting - Pitching for Colorado Rockies : RHP Jim Bruley
|
Batting: LHB Ryan Braden
|
0-0: Ball 1-0: Ball 2-0: Fly out, F4 (Line Drive, 4, EV 70.6 MPH)
|
Batting: RHB Bobby Scholl
|
0-0: Called Strike 0-1: Swinging Strike 0-2: Ball 1-2: Fly out, F7 (Line Drive, 7, EV 87.5 MPH)
|
Batting: LHB Willie Ceniceros
|
0-0: Ball 1-0: Ball 2-0: Ball 3-0: Base on Balls
|
Batting: SHB Ryan Doss
|
0-0: Ball 1-0: Called Strike 1-1: Ball 2-1: Foul Ball, location: 2F 2-2: Foul Ball, location: 2F 2-2: Foul Ball, location: 2F 2-2: Strikes out swinging
|
Top of the 5th over - 0 runs, 0 hits, 0 errors, 1 left on base; San Francisco 1 - Colorado 3 |
BOTTOM OF THE 5TH |
Colorado Rockies batting - Pitching for San Francisco Giants : RHP Keith Kidd
|
Batting: SHB Chris Blue
|
0-0: Ball 1-0: Foul Ball, location: 2F 1-1: SINGLE (Line Drive, 78M, EV 104.4 MPH)
|
Batting: RHB Wen-hua Lei
|
0-0: SINGLE (Groundball, 6MD, EV 106.2 MPH) Chris Blue to second
|
Batting: LHB Fabiano Perrolas
|
0-0: Ball 1-0: Called Strike 1-1: Fly out, F9 (Line Drive, 9S, EV 104.4 MPH)
|
Batting: RHB Jason Andrews
|
0-0: Swinging Strike 0-1: Ball 1-1: Foul Ball, location: 2F 1-2: Foul Ball, location: 2F 1-2: Ball 2-2: Grounds into double play, 6-4-3 (Groundball, 6, EV 81.9 MPH)
|
Bottom of the 5th over - 0 runs, 2 hits, 0 errors, 1 left on base; San Francisco 1 - Colorado 3 |
TOP OF THE 6TH |
San Francisco Giants batting - Pitching for Colorado Rockies : RHP Jim Bruley
|
Batting: RHB Nick Rigden
|
0-0: Ball 1-0: Ball 2-0: Foul Ball, location: 2F 2-1: Ball 3-1: Base on Balls
|
Batting: LHB John Blair
|
0-0: Ball 1-0: Foul Ball, location: 2F 1-1: Ball 2-1: Called Strike 2-2: Fly out, F5 (Popup, 5F, EV 61.9 MPH)
|
Batting: LHB Willis Robles
|
0-0: Ball 1-0: Swinging Strike 1-1: Ball 2-1: Fly out, F1 (Line Drive, P, EV 70.6 MPH)
|
Pitching: RHP Mike Mik
|
|
Pinch Hitting: LHB Jack Henningar
|
0-0: Ball Nick Rigden steals 2nd base 1-0: Called Strike 1-1: Foul Ball, location: 2F 1-2: SINGLE (Line Drive, 34, EV 94.4 MPH) Nick Rigden to third Runner from 3rd tries for Home, throw by RF and OUT! 9-2
|
Top of the 6th over - 0 runs, 1 hit, 0 errors, 1 left on base; San Francisco 1 - Colorado 3 |
BOTTOM OF THE 6TH |
Colorado Rockies batting - Pitching for San Francisco Giants : RHP Keith Kidd
|
Now at 1B: Jack Henningar
|
|
Batting: RHB Kian-tat Chen
|
0-0: Fly out, F8 (Flyball, 8RD, EV 108.1 MPH)
|
Batting: RHB Devine Adams
|
0-0: Called Strike 0-1: Ball 1-1: Ball 2-1: Ball 3-1: Foul Ball, location: 2F 3-2: Ground out 6-3 (Groundball, 6, EV 80.0 MPH)
|
Batting: SHB Jon Munoz
|
0-0: Called Strike 0-1: Foul Ball, location: 2F 0-2: Ball 1-2: Ball 2-2: Ground out 2-3 (Groundball, 2L, EV 60.6 MPH)
|
Bottom of the 6th over - 0 runs, 0 hits, 0 errors, 0 left on base; San Francisco 1 - Colorado 3 |
TOP OF THE 7TH |
San Francisco Giants batting - Pitching for Colorado Rockies : RHP Mike Mik
|
Batting: RHB Martin Chavez
|
0-0: Ball 1-0: Called Strike 1-1: Ball 2-1: Ground out 5-3 (Groundball, 56, EV 88.1 MPH)
|
Batting: LHB Ryan Braden
|
0-0: Ball 1-0: Ball 2-0: Ball 3-0: Called Strike 3-1: Foul Ball, location: 2F 3-2: Strikes out swinging
|
Batting: RHB Bobby Scholl
|
0-0: Foul Ball, location: 2F 0-1: Ball 1-1: SINGLE (Groundball, 6MD, EV 105.6 MPH)
|
Batting: LHB Willie Ceniceros
|
0-0: Called Strike 0-1: Called Strike 0-2: TRIPLE (Line Drive, 89XD, EV 104.4 MPH) Bobby Scholl scores
|
Pitching: RHP Dave Alfonso
|
|
Batting: SHB Ryan Doss
|
0-0: Ball 1-0: Called Strike 1-1: Ground out 4-3 (Groundball, 34D, EV 98.8 MPH)
|
Top of the 7th over - 1 run, 2 hits, 0 errors, 1 left on base; San Francisco 2 - Colorado 3 |
BOTTOM OF THE 7TH |
Colorado Rockies batting - Pitching for San Francisco Giants : RHP Keith Kidd
|
Batting: RHB Chad Thompson
|
0-0: Ball 1-0: Ball 2-0: Ball 3-0: Ground out 5-3 (Groundball, 56, EV 100.6 MPH)
|
Batting: RHB Joel Haycock
|
0-0: Called Strike 0-1: Ball 1-1: Ball 2-1: Ball 3-1: Foul Ball, location: 2F 3-2: Base on Balls
|
Pitching: LHP Tyler Stancil
|
|
Batting: SHB Chris Blue
|
0-0: Ball 1-0: Called Strike 1-1: Called Strike 1-2: Ball 2-2: Foul Ball, location: 2F 2-2: SINGLE (Line Drive, 4MD, EV 98.1 MPH) Joel Haycock to second
|
Batting: RHB Wen-hua Lei
|
0-0: Ball 1-0: Foul Ball, location: 2F 1-1: Fly out, F4 (Flyball, 4D, EV 87.5 MPH)
|
Batting: LHB Fabiano Perrolas
|
0-0: Ball 1-0: Ball 2-0: Fly out, F7 (Flyball, 7D, EV 106.9 MPH)
|
Bottom of the 7th over - 0 runs, 1 hit, 0 errors, 2 left on base; San Francisco 2 - Colorado 3 |
TOP OF THE 8TH |
San Francisco Giants batting - Pitching for Colorado Rockies : RHP Dave Alfonso
|
Batting: RHB Nick Rigden
|
0-0: Ball 1-0: Ball 2-0: Fly out, F9 (Flyball, 9S, EV 88.8 MPH)
|
Batting: LHB John Blair
|
0-0: Ball 1-0: Swinging Strike 1-1: Foul Ball, location: 2F 1-2: Strikes out looking
|
Batting: LHB Willis Robles
|
0-0: Called Strike 0-1: Called Strike 0-2: Foul Ball, location: 2F 0-2: Ball 1-2: Ball 2-2: Strikes out swinging
|
Top of the 8th over - 0 runs, 0 hits, 0 errors, 0 left on base; San Francisco 2 - Colorado 3 |
BOTTOM OF THE 8TH |
Colorado Rockies batting - Pitching for San Francisco Giants : LHP Tyler Stancil
|
Pitching: RHP Borisz Barciniak
|
|
Batting: RHB Jason Andrews
|
0-0: Ball 1-0: SOLO HOME RUN (Line Drive, 8RXD, EV 113.8 MPH), Distance : 440 ft
|
Batting: RHB Kian-tat Chen
|
0-0: Ground out 6-3 (Groundball, 6S, EV 85.6 MPH)
|
Batting: RHB Devine Adams
|
0-0: Called Strike 0-1: Ball 1-1: SOLO HOME RUN (Flyball, 78XD, EV 104.4 MPH), Distance : 402 ft
|
Batting: SHB Jon Munoz
|
0-0: SINGLE (Groundball, 34D, EV 96.2 MPH)
|
Batting: RHB Chad Thompson
|
0-0: Grounds into double play, 5-4-3 (Groundball, 56, EV 91.9 MPH)
|
Bottom of the 8th over - 2 runs, 3 hits, 0 errors, 0 left on base; San Francisco 2 - Colorado 5 |
TOP OF THE 9TH |
San Francisco Giants batting - Pitching for Colorado Rockies : RHP Dave Alfonso
|
Pitching: LHP Bill Ogren
|
|
Batting: LHB Jack Henningar
|
0-0: Called Strike 0-1: Ball 1-1: Foul Ball, location: 2F 1-2: Ball 2-2: Ball 3-2: Ground out 4-3 (Groundball, 4S, EV 75.0 MPH)
|
Batting: RHB Martin Chavez
|
0-0: Ball 1-0: Called Strike 1-1: Ball 2-1: Called Strike 2-2: Foul Ball, location: 2F 2-2: Strikes out swinging
|
Batting: LHB Ryan Braden
|
0-0: Ball 1-0: Called Strike 1-1: Swinging Strike 1-2: Strikes out swinging
|
Top of the 9th over - 0 runs, 0 hits, 0 errors, 0 left on base; San Francisco 2 - Colorado 5 |
|